 Dungeon Sprint DCSS version 0.28.0-53-g5a82cb258f (webtiles) character file.

Game seed: 13869108051949310741

14263 Groucho the Imperceptible (level 11, -6/99 HPs)
             Began as a Spriggan Berserker on Aug 14, 2022.
             Was the Champion of Trog.
             Killed by divine providence
             ... invoked by a mummy priest
              (12 damage)
             ... in the Dungeon (Sprint I: "Red Sonja").
             The game lasted 00:11:38 (2887 turns).

Groucho the Imperceptible (Spriggan Berserker)      Turns: 2887, Time: 00:11:39

Health: -6/99      AC:  2    Str: 15    XL:     11   Next: 86%
Magic:  4/4        EV: 30    Int:  5    God:    Trog [******]
Gold:   2273       SH:  8    Dex: 18    Spells: 10/10 levels left

rFire   + . .      SeeInvis +   w - +4 rapier (antimagic)
rCold   . . .      Faith    .   s - +0 buckler
rNeg    . . .      Spirit   .   i - +0 robe
rPois   .          Reflect  .   (helmet restricted)
rElec   +          Harm     .   (no cloak)
rCorr   .          Rampage  .   (gloves unavailable)
Will    +++..      NoTele   +   (boots unavailable)
Stlth   ..........              a - amulet of the Cricket {rElec rF+ Regen+ Str+2 Int-5}
HPRegen 2.06/turn               q - ring of flight
MPRegen 0.09/turn               (no ring)

@: berserking, flayed, strong-willed, flying, regenerating, slowed, very quick
A: very small, no large weapons, unfitting armour, see invisible, speed 3
a: Renounce Religion, Berserk, Trog's Hand, Brothers in Arms


You were in the Dungeon.
You worshipped Trog.
Trog was exalted by your worship.
You visited 1 branch You collected 2832 gold pieces.
You spent 559 gold pieces at shops.

Inventory:

Hand Weapons
 m - a +0 shortbow
 v - a +4 dagger of flaming
 w - a +4 antimagic rapier (weapon)
Missiles
 n - 71 arrows
 t - 3 curare-tipped darts (quivered)
Armour
 i - a +0 robe (worn)
 s - a +0 buckler (worn)
Jewellery
 a - the amulet of the Cricket (around neck) {rElec rF+ Regen+ Str+2 Int-5}
   (You found it in the Dungeon)

   [amulet of regeneration]

   Str:       It affects your strength (+2).
   Int:       It affects your intelligence (-5).
   rF:        It protects you from fire.
   rElec:     It insulates you from electricity.
   Regen:     It increases your rate of health regeneration.
 q - a ring of flight (left hand)
Wands
 g - a wand of paralysis (1)
 u - a wand of flame (5)
Scrolls
 b - 2 scrolls of acquirement {unknown}
 h - a scroll of fog {unknown}
 j - a scroll of enchant weapon {unknown}
 r - a scroll of summoning {unknown}
Potions
 c - 5 potions of curing
 d - 2 potions of heal wounds
 e - 2 potions of haste
 f - 3 potions of magic
 k - 2 potions of flight
 l - 2 potions of might
 o - a potion of lignification {unknown}
 p - a potion of degeneration


   Skills:
 + Level 11.7 Fighting
 - Level 14.0 Short Blades
 + Level 17.6 Dodging
 + Level 26.6 Stealth
 + Level 7.1 Shields


You had 10 spell levels left.
You didn't know any spells.
Your spell library was empty.

Dungeon Overview and Level Annotations

Branches:
Dungeon (1/1)

Altars:
Cheibriados
Dithmenos
Elyvilon
Fedhas
Gozag
Hepliaklqana
Kikubaaqudgha
Makhleb
Nemelex Xobeh
Okawaru
Qazlal
Ru
Sif Muna
Trog
Uskayaw
Vehumet
Wu Jian
Xom
Yredelemnul
Zin
The Shining One
Jiyva
Lugonu

Shops:
D (!*==**?!(:(?(([!*


Innate Abilities, Weirdness & Mutations

You are very small and have problems with some larger weapons.
You are too small for most types of armour.
You have supernaturally acute eyesight. (SInv)
You cover ground extremely quickly. (Speed+++)


Message History

Unknown command.
You puncture the oklob plant!
The oklob plant is almost destroyed.
The oklob plant spits acid at you. The splash of acid hits you!!
The mummy priest hits you!!
* * * LOW HITPOINT WARNING * * *
Unknown command.
Unknown command.
You puncture the oklob plant!
You destroy the oklob plant!
Trog accepts your kill. You block the wraith's attack.
The flayed ghost closely misses you.
Unknown command.
You puncture the mummy priest!
The mummy priest is lightly damaged.
The mummy priest invokes the aid of its god against you.
Something smites you!
* * * LOW HITPOINT WARNING * * *
You puncture the mummy priest!
The mummy priest is moderately damaged.
The wraith misses you.
The flayed ghost stares at you with tortured malice.
Terrible wounds spread across more of your body!
* * * LOW HITPOINT WARNING * * *
You hit the mummy priest but do no damage.
The mummy priest is moderately damaged.
The mummy priest calls on the powers of darkness!
Your body is wracked with pain!
* * * LOW HITPOINT WARNING * * *
You puncture the mummy priest!
The mummy priest is heavily damaged.
The flayed ghost hits you.
* * * LOW HITPOINT WARNING * * *
The wraith closely misses you.
You puncture the mummy priest!
The mummy priest is almost destroyed.
The wraith completely misses you. The flayed ghost completely misses you.
The mummy priest invokes the aid of its god against you.
Something smites you!
You die...

.#§#
##.§.#######'#§§§..#####
.'.# ###+#
#..#§§§§§#...# ####
#..##§§§§#.∩.#
#..≈###§##...#
#.)≈.)#=####§#
#.)≈)##'#§§§§##
#..≈##§.§§....##
###W.≈#....§§..§.#
#.@W.##.§.§§.§.§.##
#M≈..#.....[§..§..#
###..#...§.|...§..#
+..##..........##
##'##..........#
≈≈##........##
≈≈≈##.)....##
≈≈≈≈########


You could see a mummy priest, a flayed ghost (summoned) and a wraith (summoned).

Vanquished Creatures
  A shadow dragon (D)
  A deep elf annihilator (D)
  A hydra (D)
  2 centaur warriors (D)
  Sonja (D)
  A deep troll (D)
  A lindwurm (D)
  2 oklob plants (D)
  A merfolk siren (D)
  4 demonic crawlers (D)
  2 unseen horrors (D)
  2 kobold demonologists (D)
  A hellwing (D)
  3 hornets (D)
  A slime creature (D)
  Sigmund (D)
  A yak (D)
  13 hogs (D)
  2 redbacks (D)
  3 floating eyes (D)
  7 necrophages (D)
  An ogre (D)
  8 jellies (D)
  Ijyb (D)
  A ballistomycete spore (D)
62 creatures vanquished.

Vanquished Creatures (collateral kills)
  A golden dragon (D)
1 creature vanquished.

Vanquished Creatures (others)
  A merfolk siren (D)
  2 hornets (D)
  A ballistomycete spore (D)
4 creatures vanquished.

Grand Total: 67 creatures vanquished

Notes
Turn   | Place    | Note
-------+----------+-------------------------------------------
     0 | D        | Groucho the Spriggan Berserker began the quest for the Orb.
     0 | D        | Reached XP level 1. HP: 11/11 MP: 2/2
     2 | D        | Noticed Ijyb
    10 | D        | Killed Ijyb
    11 | D        | Reached skill level 8 in Stealth
    11 | D        | Reached XP level 2. HP: 14/16 MP: 3/3
   323 | D        | Noticed an ogre
   326 | D        | Killed an ogre
   327 | D        | Reached skill level 13 in Stealth
   327 | D        | Reached XP level 3. HP: 19/19 MP: 4/4
   327 | D        | Reached XP level 4. HP: 23/23 MP: 5/5
   338 | D        | Noticed Sigmund
   345 | D        | Killed Sigmund
   345 | D        | Reached ** piety under Trog
   346 | D        | Reached skill level 18 in Stealth
   346 | D        | Reached XP level 5. HP: 27/27 MP: 6/6
   346 | D        | Reached XP level 6. HP: 32/32 MP: 7/7
   613 | D        | Found a shimmering blue altar of Sif Muna.
   614 | D        | Found an ornate altar of the Wu Jian Council.
   615 | D        | Found a radiant altar of Vehumet.
   620 | D        | Reached skill level 19 in Stealth
   652 | D        | Found Uroc's Distillery.
   652 | D        | Found an ancient bone altar of Kikubaaqudgha.
   652 | D        | Found a hazy altar of Hepliaklqana.
   652 | D        | Found a stormy altar of Qazlal.
   652 | D        | Found a hide-covered altar of Uskayaw.
   652 | D        | Found a blossoming altar of Fedhas.
   652 | D        | Found a bloodstained altar of Trog.
   652 | D        | Found an iron altar of Okawaru.
   652 | D        | Found a basalt altar of Yredelemnul.
   652 | D        | Found a glowing golden altar of the Shining One.
   652 | D        | Found a snail-covered altar of Cheibriados.
   652 | D        | Found a sacrificial altar of Ru.
   652 | D        | Found a glowing silver altar of Zin.
   652 | D        | Found a shadowy altar of Dithmenos.
   652 | D        | Found a white marble altar of Elyvilon.
   652 | D        | Noticed a yak
   653 | D        | Found an opulent altar of Gozag.
   654 | D        | Killed a yak
   655 | D        | Reached skill level 5 in Dodging
   655 | D        | Found a sparkling altar of Nemelex Xobeh.
   659 | D        | Bought a potion of flight for 30 gold pieces
   659 | D        | Bought a potion of curing for 30 gold pieces
   659 | D        | Bought a potion of might for 40 gold pieces
   659 | D        | Bought a potion of might for 40 gold pieces
   671 | D        | Noticed a centaur warrior
   680 | D        | Noticed a centaur warrior
   681 | D        | Killed a centaur warrior
   681 | D        | Reached *** piety under Trog
   682 | D        | Reached skill level 5 in Fighting
   682 | D        | Reached skill level 20 in Stealth
   682 | D        | Reached XP level 7. HP: 39/39 MP: 8/8
   682 | D        | Reached XP level 8. HP: 44/44 MP: 9/9
   682 | D        | Killed a centaur warrior
   683 | D        | Reached skill level 10 in Dodging
   683 | D        | Reached skill level 21 in Stealth
   713 | D        | Noticed a hornet
   716 | D        | Killed a hornet
   729 | D        | Noticed an oklob plant
   731 | D        | Killed an oklob plant
   732 | D        | Reached skill level 22 in Stealth
   732 | D        | Reached XP level 9. HP: 50/50 MP: 10/10
   738 | D        | Reached **** piety under Trog
   749 | D        | Reached skill level 10 in Short Blades
   826 | D        | Noticed an unseen horror
   827 | D        | Noticed an unseen horror
   853 | D        | Killed an unseen horror
   861 | D        | Killed an unseen horror
   862 | D        | Reached skill level 23 in Stealth
   904 | D        | Reached ***** piety under Trog
   907 | D        | Received a gift from Trog
  1318 | D        | Received a gift from Trog
  1330 | D        | Reached XP level 10. HP: 23/57 MP: 11/11
  1335 | D        | Identified the amulet of the Cricket {rElec rF+ Regen+
                  | Str+2 Int-5}
  1350 | D        | Found Teschaj's Jewellery Shoppe.
  1350 | D        | Found Epaxeb's General Store.
  1350 | D        | Found Gobynech's Jewellery Boutique.
  1352 | D        | Found Luov's General Store.
  1352 | D        | Found Fuwuh's General Store.
  1352 | D        | Found Yshof's Magic Scroll Shoppe.
  1352 | D        | Found Ycsufox's Distillery.
  1352 | D        | Found Jacwuf's Weapon Emporium.
  1352 | D        | Found Duge's Book Shop.
  1352 | D        | Found Iragoi's Weapon Shoppe.
  1356 | D        | Found Oso Koru's Magic Scroll Boutique.
  1357 | D        | Found Plog's Weapon Emporium.
  1357 | D        | Found Yduinliki's Weapon Boutique.
  1358 | D        | Found Lililu's Distillery.
  1367 | D        | Bought a potion of haste for 110 gold pieces
  1367 | D        | Bought a potion of degeneration for 11 gold pieces
  1367 | D        | Bought a potion of heal wounds for 55 gold pieces
  1377 | D        | Bought a potion of flight for 33 gold pieces
  1382 | D        | Bought a ring of flight for 210 gold pieces
  1425 | D        | Noticed a deep troll
  1427 | D        | Killed a deep troll
  1428 | D        | Reached skill level 1 in Shields
  1439 | D        | Found Zoqo's Armour Emporium.
  1453 | D        | Noticed Sonja
  1464 | D        | Killed Sonja
  1698 | D        | Found Houson's Weapon Boutique.
  1948 | D        | Found a viscous altar of Jiyva.
  1948 | D        | Found a corrupted altar of Lugonu.
  1949 | D        | Found a burning altar of Makhleb.
  1949 | D        | Found a shimmering altar of Xom.
  1952 | D        | Reached skill level 24 in Stealth
  1971 | D        | Noticed an orange demon
  1979 | D        | Noticed a rust devil
  2247 | D        | Received a gift from Trog
  2248 | D        | Reached ****** piety under Trog
  2267 | D        | Noticed a lindwurm
  2271 | D        | Killed a lindwurm
  2272 | D        | Reached skill level 10 in Fighting
  2272 | D        | Reached skill level 15 in Dodging
  2285 | D        | Received a gift from Trog
  2286 | D        | Reached XP level 11. HP: 63/63 MP: 12/12
  2312 | D        | Reached skill level 25 in Stealth
  2351 | D        | Reached skill level 5 in Shields
  2372 | D        | Noticed a 12-headed hydra
  2374 | D        | Killed a 12-headed hydra
  2376 | D        | Received a gift from Trog
  2443 | D        | Noticed a shadow dragon
  2443 | D        | Noticed a golden dragon
  2448 | D        | Killed a shadow dragon
  2458 | D        | Killed a golden dragon
  2459 | D        | Reached skill level 26 in Stealth
  2724 | D        | Found Vydoro's Assorted Antiques.
  2764 | D        | Noticed a deep elf annihilator
  2768 | D        | Noticed a mummy priest
  2770 | D        | Noticed an oklob plant
  2771 | D        | Killed a deep elf annihilator
  2774 | D        | Received a gift from Trog
  2876 | D        | Noticed a flayed ghost
  2882 | D        | Killed an oklob plant
  2887 | D        | Killed from afar by a mummy priest

Illustrated notes

Levels and vault maps discovered:
D:        dungeon_sprint_1 [red_sonja_temple_1, red_sonja_temple_small_1]

Skill      XL: |  1  2  3  4  5  6  7  8  9 10 11 |
---------------+----------------------------------+-----
Stealth        | 8 13 18 20 22 23 24 26 | 26.6
Fighting       | 5 7 8 10 11 | 11.7
Short Blades   | 7 9 11 13 14 | 14.0
Dodging        | 8 11 13 15 17 | 17.6
Shields        | 4 7 |  7.1

Action                   |  1- 3 |  4- 6 |  7- 9 | 10-12 || total
-------------------------+-------+-------+-------+-------++-------
Melee: Short sword       |     8 |     6 |       |       ||    14
       Rapier            |       |     2 |    85 |   148 ||   235
       Punch             |       |       |       |     4 ||     4
Throw: Dart              |       |       |       |     1 ||     1
Invok: Berserk           |       |     1 |     2 |     3 ||     6
       Trog's Hand       |       |       |     2 |     5 ||     7
       Brothers in Arms  |       |       |       |     1 ||     1
  Use: Potion            |     1 |       |       |       ||     1
       Scroll            |       |     1 |       |       ||     1
 Stab: Sleeping          |     1 |     3 |    14 |    18 ||    36
Armor: Robe              |       |       |     3 |     1 ||     4
Dodge: Dodged            |     2 |     2 |    65 |   108 ||   177
Block: Buckler           |       |       |       |     7 ||     7
